TOP OF THE 1ST |
Brooklyn Cyclones batting - Pitching for Milwaukee (NYP) Brewers : RHP Danny Newbegin
|
Pitching: RHP Danny Newbegin
|
|
Batting: RHB Omar Novoa
|
0-0: Ball 1-0: Called Strike 1-1: Swinging Strike 1-2: SINGLE (Groundball, 5S, EV 70.0 MPH) (infield hit)
|
Batting: SHB Callum Lynch
|
0-0: Called Strike Omar Novoa is caught stealing 2nd base 2-6 0-1: Foul Ball, location: 2F 0-2: Ball 1-2: Foul Ball, location: 2F 1-2: Strikes out swinging
|
Batting: LHB Miguel Ramos
|
0-0: Ball 1-0: Called Strike 1-1: Swinging Strike 1-2: Fly out, F2 (Popup, 3SF, EV 81.9 MPH)
|
Top of the 1st over - 0 runs, 1 hit, 0 errors, 0 left on base; Brooklyn 0 - Milwaukee (NYP) 0 |
BOTTOM OF THE 1ST |
Milwaukee (NYP) Brewers batting - Pitching for Brooklyn Cyclones : LHP Brad Guffin
|
Pitching: LHP Brad Guffin
|
|
Batting: RHB Chris Maul
|
0-0: Foul Ball, location: 2F 0-1: Ball 1-1: Ball 2-1: Ball 3-1: Swinging Strike 3-2: SINGLE (Line Drive, 56D, EV 101.9 MPH)
|
Batting: LHB Tyler Francis
|
0-0: Ball 1-0: Ball 2-0: Swinging Strike 2-1: 2-RUN HOME RUN (Line Drive, 9D, EV 97.5 MPH), Distance : 370 ft
|
Batting: RHB Ryan Miller
|
0-0: Ball 1-0: Ball 2-0: Swinging Strike 2-1: Swinging Strike 2-2: Foul Ball, location: 2F 2-2: Foul Ball, location: 2F 2-2: Strikes out swinging
|
Batting: RHB Victor Alarcon
|
0-0: Ball 1-0: Ball 2-0: Ball 3-0: Called Strike 3-1: Base on Balls
|
Batting: RHB Jose Cerritos
|
0-0: Called Strike 0-1: Ball 1-1: Ball 2-1: Swinging Strike 2-2: Ball 3-2: SINGLE (Line Drive, 3D, EV 104.4 MPH) Victor Alarcon to second
|
Batting: RHB Leo Serrano
|
0-0: Ball 1-0: Fielders Choice at 2nd, 3-6 (Groundball, 3, EV 106.2 MPH) Victor Alarcon to third
|
Batting: RHB Michael Dickerson
|
0-0: Called Strike 0-1: Called Strike 0-2: Ball 1-2: Ball 2-2: Ball 3-2: Base on Balls Leo Serrano to second
|
Batting: SHB Ramon Perez
|
0-0: Ball 1-0: DOUBLE (Groundball, 5L, EV 98.1 MPH) Victor Alarcon scores Leo Serrano scores Michael Dickerson to third Runner from 3rd tries for Home, SAFE, no throw by LF
|
Batting: RHB Justin Marino
|
0-0: Ball 1-0: Ball 2-0: Ball 3-0: Called Strike 3-1: Called Strike 3-2: Strikes out looking
|
Bottom of the 1st over - 5 runs, 4 hits, 0 errors, 1 left on base; Brooklyn 0 - Milwaukee (NYP) 5 |
TOP OF THE 2ND |
Brooklyn Cyclones batting - Pitching for Milwaukee (NYP) Brewers : RHP Danny Newbegin
|
Batting: RHB Matt Tittle
|
0-0: Ball 1-0: Swinging Strike 1-1: SINGLE (Flyball, 3D, EV 90.6 MPH)
|
Batting: RHB Mike Patterson
|
0-0: Called Strike 0-1: Swinging Strike 0-2: Ball 1-2: Ball 2-2: Ball 3-2: Strikes out swinging
|
Batting: RHB Tom Primmer
|
0-0: Called Strike 0-1: Ball 1-1: Ball 2-1: Swinging Strike 2-2: Foul Ball, location: 2F 2-2: Fly out, F7 (Flyball, 78S, EV 80.6 MPH)
|
Batting: RHB Luis Garcia
|
0-0: Ball 1-0: SINGLE (Groundball, 6MD, EV 104.4 MPH) Matt Tittle to second Runner from 2nd tries for 3rd, SAFE, throw by CF made to third
|
Pinch Runner at 3rd Jamie Bass:
|
|
Batting: RHB Roberto Delgado
|
0-0: Called Strike 0-1: Foul Ball, location: 2F 0-2: Ball 1-2: Ball Wild Pitch! Jamie Bass scores Luis Garcia to second 2-2: Ball 3-2: Foul Ball, location: 2F 3-2: Strikes out swinging
|
Top of the 2nd over - 1 run, 2 hits, 0 errors, 1 left on base; Brooklyn 1 - Milwaukee (NYP) 5 |
BOTTOM OF THE 2ND |
Milwaukee (NYP) Brewers batting - Pitching for Brooklyn Cyclones : LHP Brad Guffin
|
Now at 2B: Jamie Bass
|
|
Batting: RHB Chris Maul
|
0-0: Swinging Strike 0-1: Foul Ball, location: 2F 0-2: SINGLE (Groundball, 34D, EV 95.0 MPH)
|
Batting: LHB Tyler Francis
|
0-0: Ball Chris Maul is caught stealing 2nd base 2-6 1-0: Foul Ball, location: 2F 1-1: Ball 2-1: Foul Ball, location: 2F 2-2: Ball 3-2: Foul Ball, location: 2F 3-2: Base on Balls
|
Pitching: RHP Jason Jones
|
|
Batting: RHB Ryan Miller
|
0-0: Called Strike 0-1: Ball 1-1: DOUBLE (Line Drive, 7LM, EV 108.8 MPH) Tyler Francis to third
|
Batting: RHB Victor Alarcon
|
0-0: Ball 1-0: Called Strike 1-1: Fly out, F7 (Flyball, 7D, EV 95.6 MPH) Runner from 3rd tags up, SCORES, no throw by LF
|
Batting: RHB Jose Cerritos
|
0-0: Ball 1-0: SINGLE (Flyball, 9, EV 96.9 MPH) Ryan Miller to third Runner from 3rd tries for Home, throw by RF and OUT! 9-2
|
Bottom of the 2nd over - 1 run, 3 hits, 0 errors, 1 left on base; Brooklyn 1 - Milwaukee (NYP) 6 |
TOP OF THE 3RD |
Brooklyn Cyclones batting - Pitching for Milwaukee (NYP) Brewers : RHP Danny Newbegin
|
Batting: SHB Duri Chilemba
|
0-0: SINGLE (Groundball, P, EV 86.9 MPH) (infield hit)
|
Batting: RHB Omar Novoa
|
0-0: Ball 1-0: Grounds into double play, 4-6-3 (Groundball, 4M, EV 102.5 MPH)
|
Batting: SHB Callum Lynch
|
0-0: Ground out 5-3 (Groundball, 5, EV 104.4 MPH)
|
Top of the 3rd over - 0 runs, 1 hit, 0 errors, 0 left on base; Brooklyn 1 - Milwaukee (NYP) 6 |
BOTTOM OF THE 3RD |
Milwaukee (NYP) Brewers batting - Pitching for Brooklyn Cyclones : RHP Jason Jones
|
Batting: RHB Leo Serrano
|
0-0: Called Strike 0-1: Swinging Strike 0-2: Foul Ball, location: 2F 0-2: Strikes out swinging
|
Batting: RHB Michael Dickerson
|
0-0: Ball 1-0: Hit by Pitch
|
Batting: SHB Ramon Perez
|
0-0: Ball 1-0: Ball 2-0: Ball 3-0: Base on Balls Michael Dickerson to second
|
Batting: RHB Justin Marino
|
0-0: Ball 1-0: Foul Ball, location: 2F 1-1: Fielders Choice at 2nd, 6-4 (Groundball, 6S, EV 87.5 MPH) Michael Dickerson to third
|
Batting: RHB Chris Maul
|
0-0: Ball 1-0: Foul Ball, location: 2F 1-1: SINGLE (Groundball, 6MD, EV 101.9 MPH) Michael Dickerson scores Justin Marino to second
|
Batting: LHB Tyler Francis
|
0-0: Ball 1-0: Ground out 4-3 (Groundball, 34, EV 81.2 MPH)
|
Bottom of the 3rd over - 1 run, 1 hit, 0 errors, 2 left on base; Brooklyn 1 - Milwaukee (NYP) 7 |
TOP OF THE 4TH |
Brooklyn Cyclones batting - Pitching for Milwaukee (NYP) Brewers : RHP Danny Newbegin
|
Batting: LHB Miguel Ramos
|
0-0: Called Strike 0-1: Ball 1-1: Ground out 6-3 (Groundball, 4M, EV 85.6 MPH)
|
Batting: RHB Jamie Bass
|
0-0: Called Strike 0-1: Ball 1-1: Foul Ball, location: 2F 1-2: Ball 2-2: Ground out 6-3 (Groundball, 6, EV 110.6 MPH)
|
Batting: RHB Mike Patterson
|
0-0: Ball 1-0: Swinging Strike 1-1: Foul Ball, location: 2F 1-2: Ball 2-2: Foul Ball, location: 2F 2-2: Strikes out swinging
|
Top of the 4th over - 0 runs, 0 hits, 0 errors, 0 left on base; Brooklyn 1 - Milwaukee (NYP) 7 |
BOTTOM OF THE 4TH |
Milwaukee (NYP) Brewers batting - Pitching for Brooklyn Cyclones : RHP Jason Jones
|
Batting: RHB Ryan Miller
|
0-0: Swinging Strike 0-1: Ground out 5-3 (Groundball, 5, EV 88.1 MPH)
|
Batting: RHB Victor Alarcon
|
0-0: SOLO HOME RUN (Flyball, 78XD, EV 99.4 MPH), Distance : 420 ft
|
Batting: RHB Jose Cerritos
|
0-0: Called Strike 0-1: Called Strike 0-2: Strikes out swinging
|
Batting: RHB Leo Serrano
|
0-0: Ball 1-0: Ground out 4-3 (Groundball, 4S, EV 73.1 MPH)
|
Bottom of the 4th over - 1 run, 1 hit, 0 errors, 0 left on base; Brooklyn 1 - Milwaukee (NYP) 8 |
TOP OF THE 5TH |
Brooklyn Cyclones batting - Pitching for Milwaukee (NYP) Brewers : RHP Danny Newbegin
|
Batting: RHB Tom Primmer
|
0-0: Ground out 5-3 (Groundball, 56S, EV 85.0 MPH)
|
Batting: RHB Luis Garcia
|
0-0: Called Strike 0-1: Called Strike 0-2: Strikes out swinging
|
Batting: RHB Roberto Delgado
|
0-0: Called Strike 0-1: Called Strike 0-2: Ball 1-2: Ball 2-2: Ball 3-2: SINGLE (Groundball, 6MD, EV 96.2 MPH)
|
Batting: SHB Duri Chilemba
|
0-0: Fielders Choice at 2nd, 6-4 (Groundball, 6, EV 103.8 MPH)
|
Top of the 5th over - 0 runs, 1 hit, 0 errors, 1 left on base; Brooklyn 1 - Milwaukee (NYP) 8 |
BOTTOM OF THE 5TH |
Milwaukee (NYP) Brewers batting - Pitching for Brooklyn Cyclones : RHP Jason Jones
|
Batting: RHB Michael Dickerson
|
0-0: Swinging Strike 0-1: Ball 1-1: Ball 2-1: Ball 3-1: Base on Balls
|
Batting: SHB Ramon Perez
|
0-0: Ball 1-0: Ball 2-0: Foul Ball, location: 2F 2-1: Fly out, F7 (Line Drive, 7S, EV 90.6 MPH)
|
Batting: RHB Justin Marino
|
0-0: Foul Ball, location: 2F 0-1: Ball 1-1: Foul Ball, location: 2F 1-2: Strikes out looking
|
Pitching: RHP Amare Golden
|
|
Batting: RHB Chris Maul
|
0-0: Ball 1-0: Called Strike 1-1: Foul Ball, location: 2F 1-2: Strikes out looking
|
Bottom of the 5th over - 0 runs, 0 hits, 0 errors, 1 left on base; Brooklyn 1 - Milwaukee (NYP) 8 |
TOP OF THE 6TH |
Brooklyn Cyclones batting - Pitching for Milwaukee (NYP) Brewers : RHP Danny Newbegin
|
Batting: RHB Omar Novoa
|
0-0: Foul Ball, location: 2F 0-1: Called Strike 0-2: Ball 1-2: Foul Ball, location: 2F 1-2: Ball 2-2: Ground out 4-3 (Groundball, 4, EV 87.5 MPH)
|
Batting: SHB Callum Lynch
|
0-0: SINGLE (Groundball, 34D, EV 108.1 MPH)
|
Batting: LHB Miguel Ramos
|
0-0: Called Strike Callum Lynch is caught stealing 2nd base 2-6 0-1: SINGLE (Line Drive, 9S, EV 95.0 MPH)
|
Batting: RHB Jamie Bass
|
0-0: Foul Ball, location: 2F 0-1: Ball 1-1: Ball 2-1: Called Strike 2-2: Ground out 1-3 (Groundball, 34S, EV 75.6 MPH)
|
Top of the 6th over - 0 runs, 2 hits, 0 errors, 1 left on base; Brooklyn 1 - Milwaukee (NYP) 8 |
BOTTOM OF THE 6TH |
Milwaukee (NYP) Brewers batting - Pitching for Brooklyn Cyclones : RHP Amare Golden
|
Batting: LHB Tyler Francis
|
0-0: Ball 1-0: TRIPLE (Groundball, 3L, EV 100.0 MPH)
|
Batting: RHB Ryan Miller
|
0-0: Ball 1-0: Swinging Strike 1-1: Called Strike 1-2: Foul Ball, location: 2F 1-2: SINGLE (Groundball, 34D, EV 103.1 MPH) Tyler Francis scores
|
Batting: RHB Victor Alarcon
|
0-0: Called Strike 0-1: Ball 1-1: Ball 2-1: Fly out, F9 (Flyball, 89M, EV 89.4 MPH)
|
Batting: RHB Jose Cerritos
|
0-0: Grounds into double play, 4-6-3 (Groundball, 4, EV 109.4 MPH)
|
Bottom of the 6th over - 1 run, 2 hits, 0 errors, 0 left on base; Brooklyn 1 - Milwaukee (NYP) 9 |
TOP OF THE 7TH |
Brooklyn Cyclones batting - Pitching for Milwaukee (NYP) Brewers : RHP Danny Newbegin
|
Batting: RHB Mike Patterson
|
0-0: Foul Ball, location: 2F 0-1: Ball 1-1: Ball 2-1: Ball 3-1: Ground out 4-3 (Groundball, 4, EV 78.1 MPH)
|
Pitching: RHP Ernesto Mendez
|
|
Pinch Hitting: RHB Mike Mathews
|
0-0: Ground out 5-3 (Groundball, 5L, EV 106.9 MPH)
|
Batting: RHB Luis Garcia
|
0-0: Ball 1-0: Ground out 4-3 (Groundball, 4, EV 86.9 MPH)
|
Top of the 7th over - 0 runs, 0 hits, 0 errors, 0 left on base; Brooklyn 1 - Milwaukee (NYP) 9 |
BOTTOM OF THE 7TH |
Milwaukee (NYP) Brewers batting - Pitching for Brooklyn Cyclones : RHP Amare Golden
|
Now in LF: Luis Garcia
|
|
Now in RF: Mike Mathews
|
|
Batting: RHB Leo Serrano
|
0-0: Called Strike 0-1: Ground out 6-3 (Groundball, 6, EV 103.1 MPH)
|
Batting: RHB Michael Dickerson
|
0-0: Ball 1-0: Foul Ball, location: 2F 1-1: DOUBLE (Line Drive, 9LM, EV 96.2 MPH)
|
Batting: SHB Ramon Perez
|
0-0: Called Strike 0-1: Called Strike 0-2: Ball Wild Pitch! Michael Dickerson to third 1-2: Ball 2-2: Strikes out swinging
|
Batting: RHB Justin Marino
|
0-0: Ball 1-0: Called Strike 1-1: Called Strike 1-2: Ball 2-2: Foul Ball, location: 2F 2-2: DOUBLE (Line Drive, 8LD, EV 106.9 MPH) Michael Dickerson scores
|
Batting: RHB Chris Maul
|
0-0: Ball 1-0: Ball 2-0: Ground out 6-3 (Groundball, 6, EV 106.9 MPH)
|
Bottom of the 7th over - 1 run, 2 hits, 0 errors, 1 left on base; Brooklyn 1 - Milwaukee (NYP) 10 |
TOP OF THE 8TH |
Brooklyn Cyclones batting - Pitching for Milwaukee (NYP) Brewers : RHP Ernesto Mendez
|
Batting: RHB Roberto Delgado
|
0-0: Ball 1-0: Foul Ball, location: 2F 1-1: Ball 2-1: Foul Ball, location: 2F 2-2: Ball 3-2: Base on Balls
|
Pinch Hitting: RHB Jayden Copeland
|
0-0: Ball Wild Pitch! Roberto Delgado to second 1-0: SINGLE (Groundball, 6MD, EV 98.8 MPH) Roberto Delgado to third
|
Pinch Hitting: RHB Jose Trevino
|
0-0: Ball 1-0: Swinging Strike 1-1: Ball 2-1: Ball 3-1: Base on Balls Jayden Copeland to second
|
Batting: SHB Callum Lynch
|
0-0: Called Strike 0-1: Ball 1-1: Fly out, F8 (Flyball, 78M, EV 98.8 MPH)
|
Pinch Hitting: LHB Brian Levensailor
|
0-0: Ball 1-0: Called Strike 1-1: Ball 2-1: Foul Ball, location: 2F 2-2: Strikes out looking
|
Pinch Hitting: SHB Evan Armagost
|
0-0: Ball 1-0: Foul Ball, location: 2F 1-1: DOUBLE (Flyball, 78D, EV 114.4 MPH) Roberto Delgado scores Jayden Copeland scores Jose Trevino to third
|
Batting: RHB Mike Patterson
|
0-0: Ball Passed Ball! Jose Trevino scores Evan Armagost to third 1-0: Called Strike 1-1: Foul Ball, location: 2F 1-2: Ball 2-2: Strikes out swinging
|
Top of the 8th over - 3 runs, 2 hits, 0 errors, 1 left on base; Brooklyn 4 - Milwaukee (NYP) 10 |
BOTTOM OF THE 8TH |
Milwaukee (NYP) Brewers batting - Pitching for Brooklyn Cyclones : RHP Amare Golden
|
Now at 1B: Brian Levensailor
|
|
Now at 2B: Evan Armagost
|
|
Now at 3B: Jose Trevino
|
|
Now at SS: Trent Hood
|
|
Batting: LHB Tyler Francis
|
0-0: Ball 1-0: Called Strike 1-1: Ball 2-1: Foul Ball, location: 2F 2-2: Strikes out swinging
|
Batting: RHB Ryan Miller
|
0-0: Ball 1-0: Ground out 6-3 (Groundball, 56, EV 102.5 MPH)
|
Batting: RHB Victor Alarcon
|
0-0: Ball 1-0: SINGLE (Line Drive, 9LS, EV 93.1 MPH)
|
Batting: RHB Jose Cerritos
|
0-0: Called Strike Victor Alarcon is caught stealing 2nd base 2-4
|
Bottom of the 8th over - 0 runs, 1 hit, 0 errors, 0 left on base; Brooklyn 4 - Milwaukee (NYP) 10 |
TOP OF THE 9TH |
Brooklyn Cyclones batting - Pitching for Milwaukee (NYP) Brewers : RHP Ernesto Mendez
|
Batting: RHB Mike Mathews
|
0-0: Called Strike 0-1: Called Strike 0-2: Ball 1-2: Strikes out swinging
|
Batting: RHB Luis Garcia
|
0-0: Ball 1-0: Foul Ball, location: 2F 1-1: Swinging Strike 1-2: Strikes out swinging
|
Batting: RHB Roberto Delgado
|
0-0: Called Strike 0-1: Swinging Strike 0-2: Strikes out looking
|
Top of the 9th over - 0 runs, 0 hits, 0 errors, 0 left on base; Brooklyn 4 - Milwaukee (NYP) 10 |
|